 Seeded DCSS version 0.29-a0-541-gaf1fc19f1b (webtiles) character file.

Game seed: 5998305543906830551 (custom seed)

7 swifteh the Vexing (level 1, -1/12 HPs)
             Began as a Deep Elf Arcane Marksman on June 2, 2022.
             Slain by a hobgoblin (4 damage)
             ... on level 1 of the Dungeon.
             The game lasted 00:01:53 (317 turns).

swifteh the Vexing (Deep Elf Arcane Marksman)        Turns: 317, Time: 00:01:54

Health: -1/12      AC:  2    Str:  7    XL:     1   Next: 91%
Magic:  5/5        EV: 12    Int: 17    God:
Gold:   11         SH:  0    Dex: 15    Spells: 2/3 levels left

rFire   . . .      SeeInvis +   a - +0 shortbow
rCold   . . .      Faith    .   (shield currently unavailable)
rNeg    . . .      Spirit   .   b - +0 robe
rPois   .          Reflect  .   (no helmet)
rElec   .          Harm     .   (no cloak)
rCorr   .          Rampage  .   (no gloves)
Will    .....                   (no boots)
Stlth   +.........              (no amulet)
HPRegen 0.04/turn               g - ring of see invisible
MPRegen 0.09/turn               (no ring)

@: no status effects
A: no striking features
a: no special abilities


You were on level 1 of the Dungeon.
You visited 1 branch of the dungeon, and saw 1 of its levels.

You collected 11 gold pieces.

Inventory:

Hand Weapons
 a - a +0 shortbow (weapon)
Armour
 b - a +0 robe (worn)
Jewellery
 g - a ring of see invisible (left hand)
Scrolls
 c - a scroll of vulnerability
 d - a scroll of blinking {unknown}
 e - a scroll of enchant armour {unknown}
 f - 2 scrolls of identify {unknown}
Potions
 h - a potion of mutation {unknown}


   Skills:
 + Level 1.0 Fighting
 + Level 3.0 Bows
 + Level 2.6 Dodging
 + Level 1.5 Spellcasting
 + Level 4.2 Hexes


You had 2 spell levels left.
You knew the following spells:

 Your Spells              Type           Power      Damage    Failure   Level
a - Slow                  Hex            60%        N/A       3%          1

Your spell library contained the following spells:

 Spells                   Type           Power      Damage    Failure   Level
 Inner Flame              Hex/Fire       8%         N/A       26%         3
 Portal Projectile        Hex/Tloc       16%        N/A       26%         3
 Cause Fear               Hex            7%         N/A       34%         4


Dungeon Overview and Level Annotations

Branches:
Dungeon (1/15)

Altars:


Message History

f - 2 scrolls labelled LOLAQ UVUINTU (gained 1)
Found a mace.
You see here a +0 mace.
Found a stone staircase leading down.
A hobgoblin and a kobold come into view.
Found 7 gold pieces.
The kobold shouts!
The hobgoblin shouts!
The kobold throws a stone.
The stone hits you but does no damage.
You hear a shout!
You shoot an arrow. The arrow barely misses the kobold.
You shoot an arrow. The arrow hits the kobold.
The kobold is severely wounded.
The kobold hits you with a +0 short sword.
You shoot an arrow. The arrow barely misses the kobold.
A goblin comes into view. It is wielding a +0 dagger.
The kobold closely misses you.
You shoot an arrow. The arrow closely misses the kobold.
The hobgoblin hits you but does no damage.
The kobold hits you but does no damage.
You shoot an arrow.
The arrow hits the kobold but does no damage.
The kobold is severely wounded.
The hobgoblin hits you but does no damage.
The kobold completely misses you. The hobgoblin barely misses you.
The kobold barely misses you. The goblin closely misses you.
You shoot an arrow.
The arrow hits the kobold but does no damage.
The kobold is severely wounded.
The kobold barely misses you. The hobgoblin hits you.
The goblin hits you with a +0 dagger.
You are too injured to fight recklessly!
You are too injured to fight recklessly!
You are too injured to fight recklessly!
The kobold attacks as you move away! The kobold misses you.
The hobgoblin hits you.
* * * LOW HITPOINT WARNING * * *
The hobgoblin attacks as you move away! The hobgoblin closely misses you.
The hobgoblin attacks as you move away! The hobgoblin closely misses you.
The hobgoblin attacks as you move away! The hobgoblin hits you.
You die...

#.....# #.....###
#.......# #.......#
.......# ......# ###...
.##############.....###
......
.......@gKg..........>.
######
#########.....##....#..
##################.)...#
....#
.......................#
....#
..........########.....#
$...# ..........#
##.#### ....#
..........# #.# ....#
..........# #.# ###.#
..........# #.#


You could see a hobgoblin, a goblin and a kobold.

Vanquished Creatures
  An endoplasm (D:1)
  A giant cockroach (D:1)
  A goblin (D:1)
  2 kobolds (D:1)
  A ball python (D:1)
6 creatures vanquished.

Notes
Turn   | Place    | Note
-------+----------+-------------------------------------------
     0 | D:1      | swifteh the Deep Elf Arcane Marksman began the quest for
                  | the Orb.
     0 | D:1      | Reached XP level 1. HP: 11/11 MP: 5/5
   201 | D:1      | Found a faded altar of an unknown god.
   245 | D:1      | Reached skill level 1 in Fighting
   317 | D:1      | Slain by a hobgoblin

Illustrated notes

Levels and vault maps discovered:
D:1:      nzn_arrival_crosshair, layout_basic,
          hellmonk_ecumenical_altar_arch_garden

Skill      XL: |  1 |
---------------+----+-----
Bows           | 3 |  3.0
Fighting       | 1 |  1.0
Dodging        | |  2.6
Spellcasting   | |  1.5
Hexes          | |  4.2

Action                   || total
-------------------------++-------
 Fire: Shortbow          ||    21
 Cast: Slow              ||     2
Armor: Robe              ||     5
Dodge: Dodged            ||     9

Table legend: (Time is in decaauts)
 A = Elapsed time spent in this place.
 B = Non-inter-level travel time spent in this place.
 C = Inter-level travel time spent in this place.
 D = Time resting spent in this place.
 E = Time spent auto-exploring this place.
 F = Levels seen in this place.
 G = Mean time per level.
                   A        B        C        D        E       F      G
               +--------+--------+--------+--------+--------+-----+--------+
         Total |    324 |    324 |      0 |     56 |    208 |   1 |  324.0 |
       Dungeon |    324 |    324 |      0 |     56 |    208 |   1 |  324.0 |
               +--------+--------+--------+--------+--------+-----+--------+

Top non-repeatable levels by time:
     D:1: 324 daAuts
